AoeStats
← Stephan

Arena

508402458Analyzed
4v4 RM · 12d ago on Sep 22, 2026· 47m 30s· 8 players
Game mode
Random Map
Map size
Large (8 player)
Population
200
Speed
Normal
Resources
Standard
Victory
Conquest
Starting age
Dark Age
Ending age
Imperial Age
RankedLock teamsTeams togetherTeam positionsShared explorationLock speedFull tech treeHidden civsTurbo modeCheats
Victory
Defeat
🇹🇼 Wei · Taiwan
1149
+14
🇿🇦 Sicilians · South Africa
1080
+17
🇨🇳 Persians · China
1078
+17
🇨🇳 Italians · China
1006
+20
🇦🇺 Maya · Australia
1176
-20
🇨🇿 Mongols · Czechia
1164
-20
🇦🇺 Malians · Australia
1054
-15
🇨🇦 Hindustanis · Canada
1002
-13
saneglsngosglgeisn
13:19 Feudal Age
15:39 Double-Bit Axe
15:36 Horse Collar
18:30 Castle Age
19:21 Bow Saw
19:14 Heavy Plow
24:25 Wheelbarrow
23:35 Loom
25:50 Hand Cart
29:15 Stone Mining
29:17 Gold Mining
30:31 Stone Shaft Mining
30:34 Gold Shaft Mining
30:08 Scale Barding Armor
30:14 Forging
30:08 Husbandry
30:19 Bloodlines
31:42 Chain Barding Armor
34:16 Imperial Age
33:45 Iron Casting
35:12 Plate Barding Armor
35:38 Blast Furnace
34:01 Elite War Elephant
35:02 Conscription
35:18 Citadels
35:08 Kamandaran
35:44 Hoardings
36:21 Two-Man Saw
35:53 Crop Rotation
36:00 Devotion
39:18 Faith
44:08 Onager
Stephan
11:41 Feudal Age
15:37 Castle Age
13:46 Double-Bit Axe
14:19 Horse Collar
16:59 Bow Saw
19:16 Heavy Plow
21:43 Wheelbarrow
21:53 Gold Mining
22:11 Stone Mining
22:53 Loom
24:19 Hand Cart
26:26 Gold Shaft Mining
26:28 Stone Shaft Mining
29:30 Imperial Age
27:33 Scale Barding Armor
27:39 Forging
28:26 Town Watch
29:04 Chain Barding Armor
28:46 Tuntian
29:20 Treadmill Crane
29:51 Masonry
30:51 Iron Casting
30:43 Ming Guang Armor
30:54 Conscription
31:20 Crop Rotation
31:56 Hoardings
31:22 Murder Holes
33:12 Blast Furnace
32:46 Town Patrol
33:30 Husbandry
33:41 Bloodlines
33:57 Bloodlines
33:09 Elite Tiger Cavalry
33:34 Light Cavalry
34:45 Hussar
38:10 Fletching
38:42 Ballistics
44:01 Bodkin Arrow
45:07 Chemistry
46:59 Bracer
47:00 Padded Archer Armor
梁志超他奶
10:16 Feudal Age
15:28 Castle Age
13:57 Loom
14:16 Double-Bit Axe
14:34 Stone Mining
15:01 Horse Collar
16:32 Bow Saw
21:07 Heavy Plow
22:32 Gold Mining
27:50 Wheelbarrow
30:31 Imperial Age
29:07 Wheelbarrow
29:08 Ballistics
28:46 Fletching
28:57 Padded Archer Armor
29:14 Treadmill Crane
29:46 Bodkin Arrow
31:11 Stone Shaft Mining
30:59 Hand Cart
31:05 Masonry
31:22 Leather Archer Armor
31:54 Bracer
33:22 Chemistry
33:20 Conscription
33:17 Bracer
33:45 Town Watch
34:35 Ring Archer Armor
35:54 Masonry
37:45 Architecture
38:31 Elite Genoese Crossbowman
42:38 Pirotechnia
44:14 Two-Man Saw
44:46 Crop Rotation
GreenHydra
10:01 Feudal Age
20:50 Castle Age
18:58 Scale Mail Armor
20:16 Forging
20:19 Fletching
20:48 Double-Bit Axe
22:33 Chain Mail Armor
24:55 Bow Saw
25:23 Wheelbarrow
24:33 Loom
24:53 Gold Mining
27:53 Gold Shaft Mining
28:45 Horse Collar
33:13 Imperial Age
31:35 Stone Mining
33:23 Stone Shaft Mining
33:08 Murder Holes
34:26 Iron Casting
34:15 Squires
34:01 Arson
34:59 Conscription
35:26 Plate Mail Armor
36:43 Heavy Plow
38:53 Crop Rotation
38:54 Elite Serjeant
42:01 Pikeman
43:45 Blast Furnace
jalouis79
11:19 Feudal Age
15:34 Castle Age
13:28 Double-Bit Axe
13:27 Horse Collar
20:22 Wheelbarrow
21:36 Bow Saw
22:53 Gold Mining
23:43 Heavy Plow
24:30 Stone Mining
26:21 Loom
26:54 Hand Cart
29:56 Imperial Age
28:18 Gold Shaft Mining
28:05 Scale Mail Armor
28:35 Forging
28:45 Squires
28:31 Arson
29:30 Scale Barding Armor
29:57 Bloodlines
30:12 Chain Mail Armor
30:03 Husbandry
31:06 Iron Casting
30:21 Heavy Camel Rider
32:10 Two-Man Saw
31:42 Chain Barding Armor
32:47 Conscription
32:09 Imperial Camel Rider
34:08 Thumb Ring
37:41 Blast Furnace
37:59 Chemistry
38:56 Ballistics
39:17 Plate Barding Armor
38:48 Elite Ghulam
40:17 Town Watch
40:27 Fletching
41:59 Fervor
42:31 Masonry
43:03 Block Printing
43:50 Sanctity
44:51 Padded Archer Armor
Vanilla Gorilla
10:57 Feudal Age
12:59 Double-Bit Axe
13:00 Horse Collar
15:23 Castle Age
16:14 Bow Saw
16:25 Heavy Plow
22:30 Wheelbarrow
24:05 Hand Cart
24:06 Gold Mining
28:58 Imperial Age
26:20 Loom
26:46 Fletching
26:39 Treadmill Crane
27:20 Ballistics
27:12 Masonry
28:29 Bodkin Arrow
29:03 Thumb Ring
29:01 Capped Ram
29:55 Bracer
30:20 Conscription
30:28 Padded Archer Armor
31:38 Two-Man Saw
30:33 Stone Mining
31:28 Crop Rotation
31:15 Scale Mail Armor
31:32 Leather Archer Armor
30:40 Pikeman
31:20 Squires
31:09 Halberdier
32:53 Stone Shaft Mining
33:28 Elite Plumed Archer
37:30 Holcans
36:30 Eagle Warrior
36:55 Arson
37:39 Elite Eagle Warrior
39:39 Chain Mail Armor
42:15 Plate Mail Armor
41:56 Forging
43:29 Ring Archer Armor
44:22 Iron Casting
honza.cz_steam
3:45 Loom
10:58 Feudal Age
11:37 Horse Collar
11:44 Double-Bit Axe
17:57 Castle Age
17:00 Fletching
19:01 Heavy Plow
23:47 Padded Archer Armor
24:53 Elite Skirmisher
25:37 Gold Mining
30:22 Imperial Age
31:00 Ballistics
31:08 Bodkin Arrow
31:28 Leather Archer Armor
31:53 Bow Saw
35:05 Heavy Scorpion
36:49 Wheelbarrow
36:02 Town Watch
37:53 Bracer
40:48 Pikeman
41:30 Squires
41:42 Forging
41:33 Scale Mail Armor
domiknocker
8:44 Loom
11:23 Feudal Age
11:50 Double-Bit Axe
16:41 Man-at-Arms
17:46 Scale Mail Armor
20:37 Castle Age
20:27 Gold Mining
21:20 Horse Collar
22:19 Chain Mail Armor
21:57 Long Swordsman
23:49 Heavy Plow
27:17 Forging
34:09 Imperial Age
32:18 Wheelbarrow
33:28 Squires
34:08 Murder Holes
34:34 Ballistics
34:37 Fortified Wall
35:25 Plate Mail Armor
34:45 Pikeman
36:12 Conscription
38:07 Iron Casting
39:27 Two-Handed Swordsman
Connection lost

Rejoining the realm…

Still unreachable

The connection could not be restored.

Session expired

The server has moved on; the page needs a fresh start.